 Dungeon Sprint DCSS version 0.30-a0-223-gcb0039aa0c (webtiles) character file.

Game seed: 7551948046784290461

378793 rocky1 the Warrior (level 16, 150/150 HPs)
             Began as a Merfolk Gladiator on Oct 10, 2022.
             Was the Champion of Qazlal.
             Escaped with the Orb!
             The game lasted 00:46:22 (8126 turns).

rocky1 the Warrior (Merfolk Gladiator)              Turns: 8126, Time: 00:46:22

Health: 150/150    AC: 18    Str: 19    XL:     16   Next: 94%
Magic:  32/32      EV: 38    Int: 12    God:    Qazlal [******]
Gold:   3875       SH: 13    Dex: 37    Spells: 15/15 levels left

rFire   . . .      SeeInvis .    I - +9 great sword "Kipupaeh" {vorpal, Fly Dex+3}
rCold   + . .      Faith    .    (shield currently unavailable)
rNeg    + . .      Spirit   .    G - +1 ring mail "Ykhar" {Int+3 Dex+4}
rPois   +          Reflect  +    l - +2 hat
rElec   .          Harm     .    S - +0 cloak
rCorr   .          Rampage  .    (no gloves)
Will    +....      NoTele   +    F - +0 pair of boots of Moadin {Slay+3}
Stlth   +.........               p - amulet "Xostrus" {Reflect Str+4 SH+5}
HPRegen 0.45/turn                v - +6 ring of dexterity
MPRegen 0.23/turn                U - ring "Fifieche" {rPois rC+ rN+ Dex+3}

@: flying, studying 2 skills, repel missiles
A: (nimble swimmer 2), mertail, iridescent scales 1, high MP 1, screaming 1,
subdued magic 2, noise suppression
0: Orb of Zot
a: Renounce Religion, Upheaval, Elemental Force, Disaster Area


You escaped.
You worshipped Qazlal.
Qazlal was exalted by your worship.
You visited 1 branch You collected 7414 gold pieces.
You spent 3539 gold pieces at shops.

Inventory:

Hand Weapons
 f - a +2 vampiric long sword
 g - the +7 great sword of Riess {vorpal, rCorr MP+9 Int+4}
   (You found it in the Dungeon)

   It inflicts extra damage upon your enemies.
   Int:       It affects your intelligence (+4).
   MP:        It affects your magic capacity (+9).
   rCorr:     It protects you from acid and corrosion.
 t - a +2 vampiric great sword
 B - the +2 Maxwell's thermic engine {flame, freeze}
   (You acquired it in the Dungeon)

   It burns those it strikes, dealing additional fire damage.
   Big, fiery blades are also staple armaments of hydra-hunters.
   It freezes those it strikes, dealing additional cold damage.
   It can also slow down cold-blooded creatures.
   It becomes more effective when it hits something.
   This effect fades over time.
 H - the +9 long sword of Righteous Anger {flame, Will+}
   (You found it in the Dungeon)

   It burns those it strikes, dealing additional fire damage.
   Big, fiery blades are also staple armaments of hydra-hunters.
   Will:      It increases your willpower.
 I - the +9 great sword "Kipupaeh" (weapon) {vorpal, Fly Dex+3}
   (You found it in the Dungeon)

   It inflicts extra damage upon your enemies.
   Dex:       It affects your dexterity (+3).
   Fly:       It grants you flight.
 R - the +4 quick blade of Yrayfaunt {freeze, Dex+4}
   (You found it in the Dungeon)

   It freezes those it strikes, dealing additional cold damage.
   It can also slow down cold-blooded creatures.
   Dex:       It affects your dexterity (+4).
 T - the +7 double sword of the Enchanted Forest {vorpal, Int+4}
   (You acquired it in the Dungeon)

   It inflicts extra damage upon your enemies.
   Int:       It affects your intelligence (+4).
 V - the +7 sceptre of Torment {pain, torment}
   (You found it in the Dungeon)

   In the hands of one skilled in necromantic magic, it inflicts extra damage on
   living creatures.
   It occasionally torments all nearby living foes when it strikes in combat.
Missiles
 d - 3 throwing nets (quivered)
 e - 4 javelins
 C - 5 poisoned darts
Armour
 l - a +2 hat (worn)
 x - a +0 buckler
 E - the +4 moon troll leather armour {Spirit, Regen++ MP+5}
   (You found it in the Dungeon)

   MP:        It affects your magic capacity (+5).
   Regen:     It increases your rate of health regeneration.
 F - the +0 pair of boots of Moadin (worn) {Slay+3}
   (You bought it in a shop in the Dungeon)

   Slay:      It affects your accuracy & damage with ranged weapons and melee
   (+3).
 G - the +1 ring mail "Ykhar" (worn) {Int+3 Dex+4}
   (You bought it in a shop in the Dungeon)

   Int:       It affects your intelligence (+3).
   Dex:       It affects your dexterity (+4).
 L - the +8 plate armour of the Monkey's Uncle {rN+}
   (You found it in the Dungeon)

   rN:        It protects you from negative energy.
 S - a +0 cloak (worn)
Jewellery
 p - the amulet "Xostrus" (around neck) {Reflect Str+4 SH+5}
   (You acquired it in the Dungeon)

   [amulet of reflection]

   It reflects blocked missile attacks.
   Str:       It affects your strength (+4).
   SH:        It affects your SH (+5).
 u - an amulet of regeneration
 v - a +6 ring of dexterity (left hand)
 D - the ring of the Ladybird {Fly rN+ Int+3}
   (You found it in the Dungeon)

   [ring of flight]

   Int:       It affects your intelligence (+3).
   rN:        It protects you from negative energy.
   Fly:       It grants you flight.
 M - the ring of the Tortoise {AC+8}
   (You took it off an orc priest in the Dungeon)

   [ring of protection]

   AC:        It affects your AC (+8).
 N - the ring "Nommi" {Fire Int-4 Dex+4}
   (You found it in the Dungeon)

   [ring of fire]

   It enhances your fire magic.
   Int:       It affects your intelligence (-4).
   Dex:       It affects your dexterity (+4).
   rF:        It protects you from fire.
   rC:        It makes you vulnerable to cold.
 U - the ring "Fifieche" (right hand) {rPois rC+ rN+ Dex+3}
   (You acquired it in the Dungeon)

   [ring of protection from cold]

   Dex:       It affects your dexterity (+3).
   rC:        It protects you from cold.
   rPois:     It protects you from poison.
   rN:        It protects you from negative energy.
Wands
 a - a wand of digging (7)
Scrolls
 j - a scroll of silence
 k - 2 scrolls of blinking
 q - 2 scrolls of brand weapon
 r - 2 scrolls of torment
 s - a scroll of fear
 y - 2 scrolls of vulnerability
 O - a scroll of poison {unknown}
 P - a scroll of magic mapping
 Z - a scroll of amnesia {unknown}
Potions
 b - 5 potions of cancellation
 c - 2 potions of invisibility
 h - 2 potions of attraction
 i - 24 potions of magic
 m - 10 potions of curing
 n - 14 potions of flight
 o - 3 potions of might
 w - 2 potions of resistance
 z - a potion of brilliance
 A - 4 potions of heal wounds
 Q - 14 potions of mutation
 W - 2 potions of berserk rage
 X - 7 potions of haste
 Y - 2 potions of lignification {unknown}
Miscellaneous
 J - a condenser vane
 K - a phial of floods


   Skills:
 - Level 20.8 Fighting
 - Level 20.7 Long Blades
 - Level 2.0 Throwing
 + Level 19.8 Armour
 - Level 20.8 Dodging
 - Level 14.4 Shields
 - Level 18.8 Invocations
 - Level 14.0 Evocations


You had 15 spell levels left.
You didn't know any spells.
Your spell library contained the following spells:

 Spells                   Type           Power      Damage    Failure   Level
 Apportation              Tloc           0%         N/A       32%         1
 Freeze                   Ice            0%         1d3       32%         1
 Necrotise                Necr           0%         1d4       32%         1
 Summon Small Mammal      Summ           0%         N/A       32%         1
 Call Canine Familiar     Summ           0%         N/A       73%         3
 Frozen Ramparts          Ice            0%         1d1       73%         3
 Hailstorm                Conj/Ice       0%         3d3       73%         3
 Ozocubu's Armour         Ice            0%         N/A       73%         3
 Summon Guardian Golem    Hex/Summ       0%         N/A       73%         3
 Animate Dead             Necr           0%         N/A       98%         4
 Metabolic Englaciation   Hex/Ice        0%         N/A       100%        5
 Simulacrum               Ice/Necr       0%         N/A       100%        6
 Haunt                    Necr/Summ      0%         N/A       100%        7
 Orb of Destruction       Conj           0%         9d5       100%        7
 Spellforged Servitor     Conj/Summ      0%         N/A       100%        7
 Infestation              Necr           0%         N/A       100%        8


Dungeon Overview and Level Annotations

Branches:
Dungeon (1/1)

Altars:
Cheibriados
Dithmenos
Elyvilon
Fedhas
Gozag
Hepliaklqana
Kikubaaqudgha
Makhleb
Nemelex Xobeh
Okawaru
Qazlal
Ru
Sif Muna
Trog
Uskayaw
Vehumet
Wu Jian
Xom
Yredelemnul
Zin
The Shining One
Jiyva
Lugonu

Shops:
D (*[[:!:!(!:*[=:(*?!(!?*:::=![?!!*:[(


Innate Abilities, Weirdness & Mutations

((You are very nimble when in or above water. (Stealth+, EV+, Speed+++)))
Your lower body shifts to a powerful aquatic tail in water.
You are partially covered in iridescent scales. (AC +2)
You have an increased reservoir of magic. (+10% MP)
You occasionally shout uncontrollably at your foes.
Your spells are easier to cast, but less powerful.
You passively dampen the noise of your surroundings.


Message History

You see here a +1 shortbow of freezing.
Q - 14 potions of mutation (gained 3)
Your pack is full.
You see here a ring of flight.
X - 7 potions of haste (gained 3)
You see here a lightning rod (4/4).
You see here an amulet of regeneration.
You see here a +0 mace.
Things that are here:
a hell hog corpse; a wyvern corpse You see here a death yak corpse.
There is an open door here.
You see here a hell hog corpse.
You see here a lightning rod (4/4).
You can't carry that many items.
Things that are here:
a hell hog corpse; a wyvern corpse
Things that are here:
a hell hog corpse; a wyvern corpse You see here a death yak corpse.
There is an open door here.
You see here a hell hog corpse.
There is an open door, spattered with blood here.
There is an open door here.
There is an open door here.
You see here the Orb of Zot.
You pick up the Orb of Zot!
The Orb lets out a hideous shriek!
The lords of Pandemonium are not amused.
Beware!
Now all you have to do is get back out of the dungeon!
There is an open door here.
The shadow demon gives a loud, deep croak!
There is an open door here.
There is an open door, spattered with blood here.
You reach down and open the door.
There is an open door here.
There is an open door here.
There is a staircase leading out of the dungeon, spattered with blood here.
You can't go down here!
You can't go down here!
You have escaped!

##########~~#+++#'°'#####.^^.#.##
#########~)~.........#.('....#..#
∩.......#~~~~.##'##..#..####.#..#
.∩.....∩#~~~~##.#.##.####(.'.##.#
∩.∩...∩.#~~~~#.###.#....#..#...##
.∩.∩.∩..#~~##.#.#.####..#####..##
..∩.∩.∩.#)##.#.#'###.##..#..'..#.
...∩.∩..#)#..##§.##...#..#..#..#.
....⌠)..'~'##.'.@.'###'..####..##
.......)#~#..###..#...#....###^..
▓▓▓▓▓▓###~##.###+#.#.##......~~~~
...######~~####...#.##~~....)~#'#
...#..'.##~~~#..#..#~~~~~~~..~#..
∩..'(.#§##'#~##.#.##~~~~~~~~.~#._
)..#.##§##.#~°##'##~~~≈≈≈~~~~~#_.
"..###≈§§####°○~~~~~~~~≈§≈≈~~~#._
#'###≈§≈§§#,#''○#+++#~§≈§≈§≈≈~#..


There were no monsters in sight!

Vanquished Creatures
  Gloorx Vloq (D)
  A royal mummy (D)
  the Lernaean hydra (D)
  A curse toe (D)
  2 golden dragons (D)
  A bone dragon (D)
  An electric golem (D)
  A hellephant (D)
  A deep elf blademaster (D)
  3 quicksilver dragons (D)
  A deep elf master archer (D)
  A kraken (D)
  2 sphinxes (D)
  Murray (D)
  2 storm dragons (D)
  Kirke (D)
  Gastronok (D)
  A draconian knight (D)
  A cacodemon (D)
  A frost giant (D)
  A draconian shifter (D)
  A vampire knight (D)
  Nessos (D)
  A dire elephant (D)
  3 lorocyprocas (D)
  A yaktaur captain (D)
  A deep elf high priest (D)
  A crystal guardian (D)
  An iron golem (D)
  A centaur warrior (D)
  An ice dragon (D)
  2 boulder beetles (D)
  An iron elemental (D)
  2 hell hogs (D)
  A death yak (D)
  Sonja (D)
  3 sixfirhies (D)
  A skeletal warrior (D)
  2 death drakes (D)
  A glowing orange brain (D)
  An obsidian statue (D)
  2 deep trolls (D)
  An orange crystal statue (D)
  A harpy (D)
  An oklob plant (D)
  15 shining eyes (D)
  3 orc sorcerers (D)
  3 manticores (D)
  An elephant (D)
  An ice statue (D)
  3 toenail golems (D)
  An eye of devastation (D)
  2 cane toads (D)
  2 unseen horrors (D)
  A yaktaur (D)
  A kobold demonologist (D)
  5 polar bears (D)
  A hornet (D)
  3 slime creatures (D)
  18 flying skulls (D)
  3 yaks (D)
  7 wyverns (D)
  A golden eye (D)
  2 redbacks (D)
  Menkaure (D)
  6 water moccasins (D)
  10 floating eyes (D)
  2 swamp drakes (D)
  3 black bears (D)
  5 scorpions (D)
  2 earth elementals (D)
  5 necrophages (D)
  9 electric eels (D)
  A jelly (D)
  4 orc priests (D)
  An iron imp (D)
  2 spectral ball pythons (D)
  A ballistomycete spore (D)
  2 tentacles (D)
185 creatures vanquished.

Vanquished Creatures (others)
  A water moccasin (D)
  A ballistomycete spore (D)
  13 tentacles (D)
15 creatures vanquished.

Grand Total: 200 creatures vanquished

Notes
Turn   | Place    | Note
-------+----------+-------------------------------------------
     0 | D        | rocky1 the Merfolk Gladiator began the quest for the Orb.
     0 | D        | Reached XP level 1. HP: 16/16 MP: 1/1
     1 | D        | Noticed a boulder beetle
     1 | D        | Noticed a boulder beetle
     5 | D        | Noticed a wyvern
     5 | D        | Noticed a wyvern
     9 | D        | Noticed a necrophage
     9 | D        | Noticed a necrophage
     9 | D        | Noticed a necrophage
     9 | D        | Noticed a necrophage
    16 | D        | Killed a necrophage
    17 | D        | Reached skill level 5 in Dodging
    17 | D        | Reached XP level 2. HP: 25/25 MP: 2/2
    17 | D        | Reached XP level 3. HP: 30/30 MP: 3/3
    22 | D        | Killed a necrophage
    23 | D        | Reached skill level 5 in Fighting
    23 | D        | Reached XP level 4. HP: 39/39 MP: 4/4
    23 | D        | Reached XP level 5. HP: 44/44 MP: 5/5
    36 | D        | Reached XP level 6. HP: 20/52 MP: 6/6
    75 | D        | Killed a water moccasin
   143 | D        | Noticed a flying skull
   143 | D        | Noticed a flying skull
   143 | D        | Noticed a flying skull
   143 | D        | Noticed a flying skull
   144 | D        | Noticed a flying skull
   144 | D        | Noticed a flying skull
   144 | D        | Noticed a flying skull
   144 | D        | Noticed a flying skull
   144 | D        | Noticed a flying skull
   145 | D        | Noticed a flying skull
   154 | D        | Found a hazy altar of Hepliaklqana.
   154 | D        | Found a snail-covered altar of Cheibriados.
   155 | D        | Found a stormy altar of Qazlal.
   155 | D        | Found a viscous altar of Jiyva.
   155 | D        | Found a shadowy altar of Dithmenos.
   156 | D        | Found a sacrificial altar of Ru.
   156 | D        | Found an ancient bone altar of Kikubaaqudgha.
   156 | D        | Found a white marble altar of Elyvilon.
   157 | D        | Found an ornate altar of the Wu Jian Council.
   157 | D        | Found a shimmering blue altar of Sif Muna.
   157 | D        | Found a corrupted altar of Lugonu.
   157 | D        | Found a blossoming altar of Fedhas.
   158 | D        | Found a shimmering altar of Xom.
   158 | D        | Found a bloodstained altar of Trog.
   158 | D        | Found a burning altar of Makhleb.
   159 | D        | Found a glowing golden altar of the Shining One.
   159 | D        | Found a basalt altar of Yredelemnul.
   159 | D        | Found a hide-covered altar of Uskayaw.
   161 | D        | Found a glowing silver altar of Zin.
   161 | D        | Found a radiant altar of Vehumet.
   161 | D        | Found a sparkling altar of Nemelex Xobeh.
   162 | D        | Found an opulent altar of Gozag.
   162 | D        | Found an iron altar of Okawaru.
   164 | D        | Became a worshipper of Qazlal Stormbringer
   180 | D        | Noticed a flying skull
   181 | D        | Noticed a flying skull
   189 | D        | Found Qostalepp's Jewellery Shop.
   189 | D        | Found Jemmijos's Armour Shop.
   191 | D        | Found Tol Cued's General Store.
   191 | D        | Found Waumeof's Book Boutique.
   192 | D        | Found Zylyxkal's Antique Weapon Boutique.
   192 | D        | Found Igroelam's Distillery.
   205 | D        | Reached skill level 10 in Long Blades
   268 | D        | Found Yvvuimeu's Book Shop.
   268 | D        | Found Pued's Distillery.
   268 | D        | Found Onusagoa's Jewellery Boutique.
   269 | D        | Found Nubroq's Magic Scroll Boutique.
   272 | D        | Noticed Menkaure
   272 | D        | Noticed a manticore
   280 | D        | Killed Menkaure
   378 | D        | Reached * piety under Qazlal
   379 | D        | Reached XP level 7. HP: 55/60 MP: 7/7
   384 | D        | Reached skill level 5 in Armour
   400 | D        | Reached ** piety under Qazlal
   401 | D        | Reached skill level 10 in Dodging
   566 | D        | Killed a wyvern
   572 | D        | Killed a wyvern
   573 | D        | Reached XP level 8. HP: 31/70 MP: 4/10
   720 | D        | Found Ighos's Antique Weapon Boutique.
   720 | D        | Found Ulirynko's Distillery.
   720 | D        | Noticed a manticore
   720 | D        | Noticed a manticore
   720 | D        | Noticed an oklob plant
   721 | D        | Found Edghusaish's Antique Armour Shop.
   721 | D        | Found Ifiy's Book Shoppe.
   721 | D        | Found Dimipime's Antique Armour Boutique.
   723 | D        | Noticed a yak
   723 | D        | Noticed a yak
   727 | D        | Noticed a yak
   740 | D        | Bought a glowing long sword for 188 gold pieces
   747 | D        | Bought a pair of boots for 121 gold pieces
   747 | D        | Bought a glowing hat for 189 gold pieces
   761 | D        | Bought a potion of curing for 36 gold pieces
   761 | D        | Bought a potion of might for 48 gold pieces
   765 | D        | Bought a potion of curing for 36 gold pieces
   765 | D        | Bought a potion of berserk rage for 60 gold pieces
   765 | D        | Bought a potion of curing for 36 gold pieces
   849 | D        | Killed a flying skull
   853 | D        | Killed a flying skull
   855 | D        | Killed a flying skull
   855 | D        | Reached *** piety under Qazlal
   862 | D        | Killed a flying skull
   863 | D        | Reached skill level 5 in Invocations
   867 | D        | Killed a flying skull
   868 | D        | Reached skill level 10 in Fighting
   868 | D        | Reached XP level 9. HP: 57/78 MP: 10/13
   881 | D        | Reached **** piety under Qazlal
   907 | D        | Reached ***** piety under Qazlal
  1469 | D        | Killed a boulder beetle
  1470 | D        | Reached skill level 15 in Long Blades
  1470 | D        | Reached XP level 10. HP: 41/88 MP: 14/16
  1473 | D        | Killed a boulder beetle
  1858 | D        | Noticed a death drake
  1874 | D        | Killed a death drake
  1875 | D        | Reached skill level 15 in Dodging
  1973 | D        | Noticed a crystal guardian
  1973 | D        | Noticed a death drake
  1991 | D        | Killed a death drake
  1992 | D        | Reached skill level 10 in Invocations
  2166 | D        | Killed a crystal guardian
  2167 | D        | Reached XP level 11. HP: 85/98 MP: 9/18
  2230 | D        | Noticed a kraken
  2269 | D        | Killed a kraken
  2536 | D        | Noticed a sixfirhy
  2539 | D        | Noticed a sixfirhy
  2610 | D        | Noticed a sixfirhy
  2617 | D        | Found Zonupt's Book Shoppe.
  2618 | D        | Found Qegroh's Distillery.
  2622 | D        | Found the +4 moon troll leather armour {Spirit, Regen++
                  | MP+5}
  2628 | D        | Bought a potion of curing for 42 gold pieces
  2628 | D        | Bought a potion of might for 56 gold pieces
  2706 | D        | Noticed a deep troll
  2707 | D        | Noticed a deep troll
  2719 | D        | Killed a deep troll
  2729 | D        | Killed a deep troll
  2843 | D        | Noticed an ice dragon
  2858 | D        | Killed an ice dragon
  2859 | D        | Reached skill level 10 in Armour
  2914 | D        | Reached ****** piety under Qazlal
  3164 | D        | Noticed a deep elf master archer
  3167 | D        | Killed a deep elf master archer
  3263 | D        | Noticed an iron elemental
  3285 | D        | Killed an iron elemental
  3574 | D        | Bought the +0 pair of boots of Moadin {Slay+3} for 265 gold
                  | pieces
  3582 | D        | Bought an ichor-stained ring mail for 288 gold pieces
  3582 | D        | Identified the +1 ring mail "Ykhar" {Int+3 Dex+4} (You
                  | bought it in a shop in the Dungeon)
  3751 | D        | Bought 2 potions of cancellation for 192 gold pieces
  3766 | D        | Noticed a yaktaur captain
  3770 | D        | Killed a yaktaur captain
  3784 | D        | Noticed a centaur warrior
  3791 | D        | Noticed a skeletal warrior
  3800 | D        | Killed a centaur warrior
  3801 | D        | Reached XP level 12. HP: 108/108 MP: 15/21
  3810 | D        | Reached skill level 15 in Fighting
  3848 | D        | Noticed Kirke
  3879 | D        | Killed Kirke
  3945 | D        | Noticed a cacodemon
  3945 | D        | Noticed a storm dragon
  3947 | D        | Noticed a deep elf high priest
  3947 | D        | Noticed a golden dragon
  3947 | D        | Noticed a frost giant
  3951 | D        | Killed a deep elf high priest
  3951 | D        | Gained mutation: Your magical capacity is low. (-10% MP) [a
                  | cacodemon]
  3951 | D        | Noticed a bone dragon
  3954 | D        | Gained mutation: You sometimes lose your temper in combat.
                  | [a cacodemon]
  3957 | D        | Killed a cacodemon
  3957 | D        | Killed a frost giant
  3957 | D        | Killed a storm dragon
  3960 | D        | Killed a golden dragon
  3982 | D        | Killed a bone dragon
  3983 | D        | Reached XP level 13. HP: 119/119 MP: 6/21
  4332 | D        | Reached skill level 15 in Invocations
  4350 | D        | Found Enyfaiz's Antique Weapon Emporium.
  4350 | D        | Found Maepn's Distillery.
  4350 | D        | Found Pubasmoukk's Assorted Antiques.
  4350 | D        | Found Ecoe's Book Shoppe.
  4350 | D        | Found Niaresy's Antique Armour Boutique.
  4351 | D        | Found Juff's Assorted Antiques.
  4351 | D        | Found Qeijaqup's General Store.
  4351 | D        | Found Foucw's Distillery.
  4351 | D        | Found Hipui's Book Shop.
  4351 | D        | Found Wulios's Magic Scroll Emporium.
  4351 | D        | Found Fukhun's Magic Scroll Shop.
  4351 | D        | Found Rafrebb's Book Shoppe.
  4362 | D        | Bought a potion of invisibility for 96 gold pieces
  4362 | D        | Bought a potion of curing for 36 gold pieces
  4362 | D        | Bought a potion of might for 48 gold pieces
  4368 | D        | Bought a scroll of magic mapping for 90 gold pieces
  4370 | D        | Identified a scroll of acquirement
  4377 | D        | Bought a scroll of identify for 44 gold pieces
  4377 | D        | Bought a potion of heal wounds for 110 gold pieces
  4377 | D        | Bought 2 potions of curing for 132 gold pieces
  4410 | D        | Noticed a storm dragon
  4424 | D        | Killed a storm dragon
  4565 | D        | Reached XP level 14. HP: 128/128 MP: 22/22
  4572 | D        | Found Ronul's Antique Weapon Boutique.
  4572 | D        | Found Kufek's Antique Armour Shop.
  4572 | D        | Found Jewnawea's Assorted Antiques.
  4572 | D        | Found Neel's Distillery.
  4572 | D        | Noticed a golden dragon
  4593 | D        | Killed a golden dragon
  4782 | D        | Noticed a sphinx
  4782 | D        | Noticed a sphinx
  4790 | D        | Killed a sphinx
  4795 | D        | Killed a sphinx
  4796 | D        | Reached skill level 10 in Shields
  4952 | D        | Found Uhuzoama's Antique Weapon Boutique.
  4953 | D        | Found Vuros's Book Shoppe.
  4954 | D        | Noticed Nessos
  4957 | D        | Killed Nessos
  5203 | D        | Noticed Gastronok
  5220 | D        | Killed Gastronok
  5248 | D        | Noticed a dire elephant
  5259 | D        | Killed a dire elephant
  5312 | D        | Identified the +7 great sword of Riess {vorpal, rCorr MP+9
                  | Int+4}
  5320 | D        | Identified the ring "Iphant" {Fire Dex+4}
  5323 | D        | Identified the +9 great sword "Kipupaeh" {vorpal, Fly
                  | Dex+3}
  5324 | D        | Identified the +9 long sword of Righteous Anger {flame,
                  | Will+}
  5352 | D        | Identified the +8 plate armour of the Monkey's Uncle {rN+}
  5511 | D        | Noticed a deep elf blademaster
  5517 | D        | Reached skill level 5 in Evocations
  5521 | D        | Killed a deep elf blademaster
  5577 | D        | Gained mutation: Your body sometimes deteriorates upon
                  | taking damage. [a shining eye]
  5577 | D        | Gained mutation: You are dopey. (Int -2) [a shining eye]
  5578 | D        | Reached skill level 10 in Evocations
  5579 | D        | Gained mutation: You occasionally shout uncontrollably at
                  | your foes. [a shining eye]
  5587 | D        | Identified the +4 quick blade of Yrayfaunt {freeze, Dex+4}
  5602 | D        | Lost mutation: You sometimes lose your temper in combat.
                  | [potion of mutation]
  5602 | D        | Lost mutation: You are dopey. (Int -2) [potion of mutation]
  5602 | D        | Lost mutation: Your magical capacity is low. (-10% MP)
                  | [potion of mutation]
  5602 | D        | Gained mutation: Your natural rate of healing is unusually
                  | fast. [potion of mutation]
  5602 | D        | Gained mutation: Your skin changes colour to match your
                  | surroundings (Stealth+). [potion of mutation]
  5602 | D        | Gained mutation: You are vulnerable to heat. (rF-) [potion
                  | of mutation]
  5603 | D        | Lost mutation: You occasionally shout uncontrollably at
                  | your foes. [potion of mutation]
  5603 | D        | Lost mutation: Your natural rate of healing is unusually
                  | fast. [potion of mutation]
  5603 | D        | Gained mutation: You are somewhat resistant to further
                  | mutation. [potion of mutation]
  5604 | D        | Lost mutation: You are somewhat resistant to further
                  | mutation. [potion of mutation]
  5604 | D        | Lost mutation: You are vulnerable to heat. (rF-) [potion of
                  | mutation]
  5604 | D        | Gained mutation: You passively map a small area around you.
                  | [potion of mutation]
  5604 | D        | Gained mutation: You are strong-willed. (Will+) [potion of
                  | mutation]
  5604 | D        | Gained mutation: You occasionally lose the ability to drink
                  | potions when taking damage. [potion of mutation]
  5604 | D        | Gained mutation: You are robust. (+10% HP) [potion of
                  | mutation]
  5605 | D        | Lost mutation: You passively map a small area around you.
                  | [potion of mutation]
  5605 | D        | Lost mutation: You are strong-willed. (Will+) [potion of
                  | mutation]
  5605 | D        | Gained mutation: Your spells are a little easier to cast,
                  | but a little less powerful. [potion of mutation]
  5605 | D        | Gained mutation: You passively dampen the noise of your
                  | surroundings. [potion of mutation]
  5605 | D        | Gained mutation: You are partially covered in iridescent
                  | scales. (AC +2) [potion of mutation]
  5606 | D        | Lost mutation: Your skin changes colour to match your
                  | surroundings (Stealth+). [potion of mutation]
  5606 | D        | Lost mutation: You are robust. (+10% HP) [potion of
                  | mutation]
  5606 | D        | Lost mutation: You occasionally lose the ability to drink
                  | potions when taking damage. [potion of mutation]
  5606 | D        | Gained mutation: Your flesh is cold resistant. (rC+)
                  | [potion of mutation]
  5606 | D        | Gained mutation: You are agile. (Dex +4, Str/Int -1)
                  | [potion of mutation]
  5606 | D        | Gained mutation: Your flesh is heat resistant. (rF+)
                  | [potion of mutation]
  5607 | D        | Lost mutation: Your body sometimes deteriorates upon taking
                  | damage. [potion of mutation]
  5607 | D        | Lost mutation: You are agile. (Dex +4, Str/Int -1) [potion
                  | of mutation]
  5607 | D        | Lost mutation: You are partially covered in iridescent
                  | scales. (AC +2) [potion of mutation]
  5607 | D        | Lost mutation: Your flesh is heat resistant. (rF+) [potion
                  | of mutation]
  5607 | D        | Gained mutation: You are agile. (Dex +4, Str/Int -1)
                  | [potion of mutation]
  5608 | D        | Lost mutation: Your flesh is cold resistant. (rC+) [potion
                  | of mutation]
  5608 | D        | Lost mutation: You passively dampen the noise of your
                  | surroundings. [potion of mutation]
  5608 | D        | Lost mutation: Your spells are a little easier to cast, but
                  | a little less powerful. [potion of mutation]
  5608 | D        | Gained mutation: You are weak. (Str -2) [potion of
                  | mutation]
  5608 | D        | Gained mutation: You occasionally lose the ability to read
                  | scrolls when taking damage. [potion of mutation]
  5608 | D        | Gained mutation: Armour fits poorly on your strangely
                  | shaped body. [potion of mutation]
  5608 | D        | Gained mutation: You have a pair of small horns on your
                  | head. [potion of mutation]
  5609 | D        | Lost mutation: You are agile. (Dex +4, Str/Int -1) [potion
                  | of mutation]
  5609 | D        | Lost mutation: You have a pair of small horns on your head.
                  | [potion of mutation]
  5609 | D        | Lost mutation: You occasionally lose the ability to read
                  | scrolls when taking damage. [potion of mutation]
  5609 | D        | Gained mutation: You occasionally lose the ability to read
                  | scrolls when taking damage. [potion of mutation]
  5609 | D        | Gained mutation: You are partially covered in iridescent
                  | scales. (AC +2) [potion of mutation]
  5610 | D        | Lost mutation: Armour fits poorly on your strangely shaped
                  | body. [potion of mutation]
  5610 | D        | Lost mutation: You are weak. (Str -2) [potion of mutation]
  5610 | D        | Gained mutation: You are mostly covered in iridescent
                  | scales. (AC +4) [potion of mutation]
  5610 | D        | Gained mutation: You are weak. (Str -2) [potion of
                  | mutation]
  5610 | D        | Gained mutation: You are partially covered in large bone
                  | plates. (SH +4) [potion of mutation]
  5611 | D        | Lost mutation: You are weak. (Str -2) [potion of mutation]
  5611 | D        | Lost mutation: You are mostly covered in iridescent scales.
                  | (AC +4) [potion of mutation]
  5611 | D        | Lost mutation: You are partially covered in large bone
                  | plates. (SH +4) [potion of mutation]
  5611 | D        | Gained mutation: You expend magic power (3 MP) to
                  | strengthen your wands. [potion of mutation]
  5611 | D        | Gained mutation: Your flesh is heat resistant. (rF+)
                  | [potion of mutation]
  5611 | D        | Gained mutation: You passively map a small area around you.
                  | [potion of mutation]
  5612 | D        | Lost mutation: You passively map a small area around you.
                  | [potion of mutation]
  5612 | D        | Lost mutation: You are partially covered in iridescent
                  | scales. (AC +2) [potion of mutation]
  5612 | D        | Gained mutation: You are somewhat resistant to further
                  | mutation. [potion of mutation]
  5832 | D        | Noticed Sonja
  5832 | D        | Noticed a purple draconian shifter
  5832 | D        | Noticed a hellephant
  5839 | D        | Killed a purple draconian shifter
  5840 | D        | Reached XP level 15. HP: 134/134 MP: 26/26
  5846 | D        | Killed Sonja
  5861 | D        | Killed a hellephant
  5904 | D        | Acquired the +7 double sword of the Enchanted Forest
                  | {vorpal, Int+4}
  5906 | D        | Acquired the ring "Fifieche" {rPois rC+ rN+ Dex+3}
  5907 | D        | Acquired 521 gold pieces
  5908 | D        | Acquired 801 gold pieces
  5909 | D        | Acquired the +2 Maxwell's thermic engine {flame, freeze}
  5909 | D        | Found the +2 Maxwell's thermic engine {flame, freeze}
  5910 | D        | Acquired a manual of Fighting
  5963 | D        | Found the +7 sceptre of Torment {pain, torment}
  6017 | D        | Bought a potion of curing for 33 gold pieces
  6017 | D        | Bought a potion of berserk rage for 55 gold pieces
  6017 | D        | Bought a potion of curing for 33 gold pieces
  6017 | D        | Bought a potion of heal wounds for 55 gold pieces
  6017 | D        | Bought a potion of cancellation for 88 gold pieces
  6017 | D        | Bought 2 potions of cancellation for 176 gold pieces
  6017 | D        | Bought a potion of curing for 33 gold pieces
  6021 | D        | Bought 2 potions of haste for 240 gold pieces
  6021 | D        | Bought a potion of mutation for 96 gold pieces
  6021 | D        | Bought a potion of curing for 36 gold pieces
  6029 | D        | Bought a scroll of brand weapon for 95 gold pieces
  6029 | D        | Bought a scroll of blinking for 75 gold pieces
  6029 | D        | Bought a scroll of blinking for 75 gold pieces
  6088 | D        | Noticed the 27-headed Lernaean hydra
  6096 | D        | Noticed a black draconian knight
  6289 | D        | Acquired the amulet "Xostrus" {Reflect Str+4 SH+5}
  6321 | D        | Killed a black draconian knight
  6413 | D        | Killed the 23-headed Lernaean hydra
  6422 | D        | Reached XP level 16. HP: 38/147 MP: 24/29
  6669 | D        | Found Ujakagus's Distillery.
  6689 | D        | Acquired a manual of Evocations
  6691 | D        | Acquired a +2 vampiric great sword
  6697 | D        | Bought a potion of heal wounds for 70 gold pieces
  6697 | D        | Bought a potion of mutation for 112 gold pieces
  6697 | D        | Bought a potion of berserk rage for 70 gold pieces
  6697 | D        | Bought 2 potions of curing for 84 gold pieces
  6698 | D        | Acquired a manual of Armour
  6726 | D        | Identified the ring of the Ladybird {Fly rN+ Int+3}
  7028 | D        | Lost mutation: Your flesh is heat resistant. (rF+) [potion
                  | of mutation]
  7028 | D        | Lost mutation: You expend magic power (3 MP) to strengthen
                  | your wands. [potion of mutation]
  7028 | D        | Gained mutation: You occasionally lose the ability to drink
                  | potions when taking damage. [potion of mutation]
  7028 | D        | Gained mutation: You are robust. (+10% HP) [potion of
                  | mutation]
  7029 | D        | Lost mutation: You are somewhat resistant to further
                  | mutation. [potion of mutation]
  7029 | D        | Lost mutation: You are robust. (+10% HP) [potion of
                  | mutation]
  7029 | D        | Lost mutation: You occasionally lose the ability to drink
                  | potions when taking damage. [potion of mutation]
  7029 | D        | Gained mutation: You have a pair of small horns on your
                  | head. [potion of mutation]
  7030 | D        | Lost mutation: You occasionally lose the ability to read
                  | scrolls when taking damage. [potion of mutation]
  7030 | D        | Lost mutation: You have a pair of small horns on your head.
                  | [potion of mutation]
  7030 | D        | Gained mutation: You have hidden genetic defects. [potion
                  | of mutation]
  7030 | D        | Gained mutation: Your skin changes colour to match your
                  | surroundings (Stealth+). [potion of mutation]
  7031 | D        | Lost mutation: Your skin changes colour to match your
                  | surroundings (Stealth+). [potion of mutation]
  7031 | D        | Lost mutation: You have hidden genetic defects. [potion of
                  | mutation]
  7031 | D        | Gained mutation: You occasionally lose the ability to read
                  | scrolls when taking damage. [potion of mutation]
  7031 | D        | Gained mutation: You are partially covered in iridescent
                  | scales. (AC +2) [potion of mutation]
  7031 | D        | Gained mutation: You have hidden genetic potential. [potion
                  | of mutation]
  7031 | D        | Gained mutation: You are agile. (Dex +4, Str/Int -1)
                  | [potion of mutation]
  7032 | D        | Lost mutation: You occasionally lose the ability to read
                  | scrolls when taking damage. [potion of mutation]
  7032 | D        | Lost mutation: You are partially covered in iridescent
                  | scales. (AC +2) [potion of mutation]
  7032 | D        | Lost mutation: You are agile. (Dex +4, Str/Int -1) [potion
                  | of mutation]
  7032 | D        | Gained mutation: You occasionally shout uncontrollably at
                  | your foes. [potion of mutation]
  7032 | D        | Gained mutation: Your body sometimes deteriorates upon
                  | taking damage. [potion of mutation]
  7032 | D        | Gained mutation: You are frail. (-10% HP) [potion of
                  | mutation]
  7033 | D        | Lost mutation: Your body sometimes deteriorates upon taking
                  | damage. [potion of mutation]
  7033 | D        | Lost mutation: You occasionally shout uncontrollably at
                  | your foes. [potion of mutation]
  7033 | D        | Gained mutation: Your spells are a little easier to cast,
                  | but a little less powerful. [potion of mutation]
  7033 | D        | Gained mutation: Your spells are easier to cast, but less
                  | powerful. [potion of mutation]
  7033 | D        | Gained mutation: Your body sometimes deteriorates upon
                  | taking damage. [potion of mutation]
  7034 | D        | Lost mutation: You are frail. (-10% HP) [potion of
                  | mutation]
  7034 | D        | Lost mutation: You have hidden genetic potential. [potion
                  | of mutation]
  7034 | D        | Gained mutation: Your system is resistant to poisons.
                  | (rPois) [potion of mutation]
  7034 | D        | Gained mutation: You have an increased reservoir of magic.
                  | (+10% MP) [potion of mutation]
  7035 | D        | Lost mutation: Your spells are easier to cast, but less
                  | powerful. [potion of mutation]
  7035 | D        | Lost mutation: Your body sometimes deteriorates upon taking
                  | damage. [potion of mutation]
  7035 | D        | Gained mutation: You are partially covered in iridescent
                  | scales. (AC +2) [potion of mutation]
  7035 | D        | Gained mutation: You passively dampen the noise of your
                  | surroundings. [potion of mutation]
  7070 | D        | Noticed a quicksilver dragon
  7076 | D        | Killed a quicksilver dragon
  7180 | D        | Noticed a quicksilver dragon
  7202 | D        | Killed a quicksilver dragon
  7248 | D        | Noticed a quicksilver dragon
  7255 | D        | Killed a quicksilver dragon
  7422 | D        | Noticed Murray
  7433 | D        | Killed Murray
  7450 | D        | Noticed a curse toe
  7450 | D        | Noticed Gloorx Vloq
  7451 | D        | Killed a curse toe
  7451 | D        | Noticed a royal mummy
  7457 | D        | Noticed an Executioner
  7457 | D        | Noticed an Executioner
  7457 | D        | Noticed an Executioner
  7457 | D        | Noticed an Executioner
  7461 | D        | Killed Gloorx Vloq
  7468 | D        | Killed a royal mummy
  7889 | D        | Identified the +1 leather armour of the Countless Yaks
                  | {-Tele Harm rC++}
  7892 | D        | Identified the ring "Nommi" {Fire Int-4 Dex+4}
  7894 | D        | Identified the +2 scale mail of the Earth {rC- rCorr Int+2}
  7902 | D        | Noticed an electric golem
  7905 | D        | Killed an electric golem
  7995 | D        | Lost mutation: Your system is resistant to poisons. (rPois)
                  | [a shining eye]
  7999 | D        | Gained mutation: You occasionally shout uncontrollably at
                  | your foes. [a shining eye]
  8000 | D        | Gained mutation: Your spells are easier to cast, but less
                  | powerful. [a shining eye]
  8084 | D        | Got the Orb of Zot
  8126 | D        | Escaped with the Orb!

Illustrated notes

Levels and vault maps discovered:
D:        the_violet_keep_of_menkaure [sprint2_stairs_cluster_1,
          sprint2_shoproom, sprint2_temple, sprint2_basic_supplies,
          sprint2_obstacle_1, sprint2_obstacle_2, sprint2_obstacle_3,
          sprint2_obstacle_4, sprint2_obstacle_7, sprint2_timed_cluster_1,
          sprint2_smallroom_cluster_1, sprint2_smallroom_final_cluster_1,
          sprint2_transparent_cluster_1, sprint2_second_timed_cluster_1,
          sprint2_sniper_area_1, sprint2_heavy_combat_area_1,
          sprint2_mutation_trap_area_1, sprint2_forest_area_1,
          sprint2_light_combat_area_1, sprint2_behind_water_1,
          sprint2_near_end_vault_1]

Skill      XL: |  1  2  3  4  5  6  7  8  9 10 11 12 13 14 15 16 |
---------------+-------------------------------------------------+-----
Fighting       | 4 5 6 7 8 10 11 13 14 16 17 19 20 | 20.8
Long Blades    | 6 8 9 11 13 15 16 18 19 20 | 20.7
Armour         | 2 3 4 5 6 7 9 10 11 12 19 | 19.8
Dodging        | 5 6 8 9 10 12 13 15 17 19 20 | 20.8
Invocations    | 3 5 8 10 12 14 15 18 | 18.8
Shields        | 4 14 | 14.4
Evocations     | 13 14 | 14.0
Throwing       | |  2.0

Action                   |  1- 3 |  4- 6 |  7- 9 | 10-12 | 13-15 | 16-18 || total
-------------------------+-------+-------+-------+-------+-------+-------++-------
Melee: Long sword        |    10 |    32 |   173 |   244 |   143 |       ||   602
       Tailslap          |       |     1 |    23 |    23 |     4 |       ||    51
       Punch             |       |       |     3 |     7 |       |       ||    10
       Unarmed           |       |       |       |     9 |       |       ||     9
       Great sword       |       |       |       |       |    66 |    90 ||   156
       Double sword      |       |       |       |       |       |     5 ||     5
Invok: Upheaval          |       |       |     1 |    32 |    20 |     2 ||    55
       Disaster Area     |       |       |       |     3 |     3 |     1 ||     7
Evoke: Wand              |       |       |       |       |     1 |       ||     1
  Use: Potion            |     1 |       |     6 |     1 |    16 |    11 ||    35
       Scroll            |       |       |       |       |    18 |     3 ||    21
 Stab: Sleeping          |       |     1 |       |       |       |       ||     1
       Distracted        |       |       |       |     1 |       |       ||     1
Armor: Leather armour    |       |       |     7 |    12 |       |       ||    19
       Ring mail         |       |       |       |    19 |    31 |     6 ||    56
Dodge: Dodged            |     6 |    18 |    76 |   186 |   177 |    69 ||   532
       Repelled          |       |       |       |     2 |     2 |     1 ||     5
Block: Other             |       |       |    12 |    58 |    38 |    21 ||   129
       Buckler           |       |       |       |       |    51 |     1 ||    52
       Reflection        |       |       |       |       |       |     1 ||     1

Table legend: (Time is in decaauts)
 A = Elapsed time spent in this place.
 B = Non-inter-level travel time spent in this place.
 C = Inter-level travel time spent in this place.
 D = Time resting spent in this place.
 E = Time spent auto-exploring this place.
 F = Levels seen in this place.
 G = Mean time per level.
                   A        B        C        D        E       F      G
               +--------+--------+--------+--------+--------+-----+--------+
         Total |   7723 |   7579 |    144 |   4590 |      0 |   1 | 7723.0 |
       Dungeon |   7723 |   7579 |    144 |   4590 |      0 |   1 | 7723.0 |
               +--------+--------+--------+--------+--------+-----+--------+

Top non-repeatable levels by time:
       D: 7723 daAuts
